 Dungeon Crawl Stone Soup version 0.23-a0-49-gd9f7a49 (webtiles) character file.

18319 inc the Timeless (level 12, -3/92 HPs)
             Began as a Mummy Fire Elementalist on Aug 6, 2018.
             Was a High Priest of Cheibriados.
             Slain by a four-headed hydra (6 damage)
             ... on level 2 of the Lair of Beasts.
             The game lasted 00:33:49 (19299 turns).

inc the Timeless (Mummy Fire Elementalist)         Turns: 19299, Time: 00:33:50

Health: -3/92      AC:  9    Str: 23    XL:     12   Next: 26%
Magic:  4/39       EV: 19    Int: 30    God:    Cheibriados [*****.]
Gold:   767        SH:  7    Dex: 26    Spells: 7/27 levels left

rFire    . . .     SeeInvis .   L - staff of power
rCold    . . .     Gourm    .   D - +0 buckler
rNeg     + + +     Faith    .   m - +2 robe {MR+}
rPois    ∞         Spirit   .   r - +1 helmet
rElec    .         Reflect  .   J - scarf {repulsion}
rCorr    .         Harm     .   (no gloves)
MR       ++...                  l - +2 pair of boots
Stlth    +++.......             (no amulet)
HPRegen  0.25/turn              u - ring of wizardry
MPRegen  0.26/turn              K - ring of fire

@: about to teleport, repel missiles, very slow
A: no food or potions, fire vulnerability, cold resistance 1, negative energy
resistance 3, torment resistance, unbreathing
a: Bend Time, Temporal Distortion, Slouch, Step From Time, Renounce Religion


You were on level 2 of the Lair of Beasts.
You worshipped Cheibriados.
Cheibriados was extremely pleased with you.
You were not hungry.

You visited 4 branches of the dungeon, and saw 17 of its levels.

You collected 767 gold pieces.

Inventory:

Hand Weapons
 b - a +1 dagger of protection
 c - a +0 short sword
 t - a +0 short sword of electrocution
 v - a +1 antimagic flail
 x - a +1 hand axe of chopping
 y - a +3 battleaxe
Armour
 a - a +0 robe
 g - a +0 chain mail
 l - a +2 pair of boots (worn)
 m - a +2 robe of magic resistance (worn)
 r - a +1 helmet (worn)
 s - a +0 cloak
 C - a scarf of spirit shield
 D - a +0 buckler (worn)
 I - a scarf of cloud immunity
 J - a scarf of repulsion (worn)
Magical Staves
 L - an uncursed staff of power (weapon)
Jewellery
 u - a ring of wizardry (left hand)
 w - an uncursed ring of resist corrosion
 z - a +4 ring of strength
 F - an uncursed amulet of harm
 K - a ring of fire (right hand)
 N - a cursed ring of see invisible
Wands
 h - a wand of flame (108)
 i - a wand of paralysis (26)
 E - a wand of polymorph (5)
 H - a wand of acid (7)
Scrolls
 d - 5 scrolls of enchant weapon
 e - 3 scrolls of teleportation
 f - 4 scrolls of identify
 j - 4 scrolls of remove curse
 k - 2 scrolls of magic mapping
 n - a scroll of amnesia
 o - a scroll of fear
 p - 2 scrolls of noise
 q - a scroll of fog
 A - 3 scrolls of immolation
 B - 2 scrolls of random uselessness
 M - a scroll of enchant armour
Potions
 O - a potion of might
Miscellaneous
 G - a crystal ball of energy


   Skills:
 - Level 8.0 Fighting
 - Level 7.1 Dodging
 - Level 1.5 Stealth
 - Level 4.0 Shields
 - Level 8.1 Spellcasting
 + Level 7.0 Conjurations
 + Level 6.7 Fire Magic
 - Level 8.9 Invocations


You had 7 spell levels left.
You knew the following spells:

 Your Spells              Type           Power        Failure   Level  Hunger
a - Flame Tongue          Conj/Fire      #####        1%          1    N/A
b - Conjure Flame         Conj/Fire      ######..     1%          3    N/A
c - Sticky Flame          Conj/Fire      ######..     1%          4    N/A
d - Iskenderun's Mystic   Conj           ######..     1%          4    N/A
e - Inner Flame           Hex/Fire       #####...     1%          3    N/A
f - Fireball              Conj/Fire      ######....   2%          5    N/A

Your spell library contained the following spells:

 Spells                   Type           Power        Failure   Level  Hunger
 Magic Dart               Conj           ####         1%          1    N/A
 Lightning Bolt           Conj/Air       ####......   12%         5    N/A
 Confuse                  Hex            ##......     5%          3    N/A
 Throw Flame              Conj/Fire      ######       1%          2    N/A
 Regeneration             Chrm/Necr      ##........   5%          3    N/A
 Shock                    Conj/Air       ####         1%          1    N/A
 Swiftness                Chrm/Air       ##......     2%          2    N/A
 Airstrike                Air            ##........   16%         4    N/A
 Confusing Touch          Hex            ##....       1%          1    N/A
 Metabolic Englaciation   Hex/Ice        ##........   41%         5    N/A
 Static Discharge         Conj/Air       ####....     1%          3    N/A
 Petrify                  Tmut/Erth      ##......     16%         4    N/A
 Shroud of Golubria       Chrm/Tloc      ##........   2%          2    N/A
 Fulminant Prism          Conj/Hex       ####......   4%          4    N/A
 Dazzling Spray           Conj/Hex       ####..       1%          3    N/A
 Force Lance              Conj/Tloc      ####....     4%          4    N/A
 Infusion                 Chrm           ##..         1%          1    N/A
 Song of Slaying          Chrm           ##......     2%          2    N/A
 Spectral Weapon          Hex/Chrm       ##......     5%          3    N/A
 Searing Ray              Conj           ######       1%          2    N/A
 Gell's Gravitas          Tloc           ##........   5%          3    N/A
 Yara's Violent Unravell  Hex/Tmut       ##........   41%         5    N/A

Dungeon Overview and Level Annotations

Branches:
Dungeon (13/15)            Temple (1/1) D:7            Lair (2/6) D:10
    Orc (1/2) D:12
  Swamp: Lair:2-4    Shoals: Lair:2-4     Snake: Lair:2-4    Spider: Lair:2-4
 Vaults: D:13-14

Altars:
Cheibriados
Elyvilon
Hepliaklqana
Kikubaaqudgha
Nemelex Xobeh
Okawaru
Qazlal
Ru
Xom
Yredelemnul
The Shining One

Shops:
D:6 }   D:12 =

Portals:
Trove: D:11 (give horn of Geryon)

Annotations:
Lair:1 dig/fly


Innate Abilities, Weirdness & Mutations

You do not eat or drink.
Your flesh is vulnerable to fire.
You are immune to poison.
Your flesh is cold resistant. (rC+)
You are immune to negative energy. (rN+++)
You are immune to unholy pain and torment.
You can survive without breathing.


Message History

Confirm with . or Enter, or press ? or * to list all spells.
You don't have enough magic to cast that spell.
The four-headed hydra misses you. The four-headed hydra bites you.
You block the four-headed hydra's attack.
The four-headed hydra bites you but does no damage.
Casting: Flame Tongue (safe; 1% risk of failure)
Confirm with . or Enter, or press ? or * to list all spells.
You don't have enough magic to cast that spell.
Unknown command.
As you read the scroll of teleportation, it crumbles to dust.
You feel strangely unstable. The four-headed hydra misses you.
You block the four-headed hydra's attack.
The four-headed hydra bites you!
* * * LOW HITPOINT WARNING * * *
The four-headed hydra bites you!
* * * LOW HITPOINT WARNING * * *
The four-headed hydra bites you but does no damage.
The four-headed hydra barely misses you.
The four-headed hydra bites you.
You die...

**,,,*** *,,,* *,* #..#....
*,,*** **..# *,* #.#..... **,*
*.S# #,**##....8. *,,** *#.#
#.,*##...... **,,*
#.#*###.###......# *,,*
#..##.##.#..8..##? ****,,*
#.##.8..#......... **,,,,*
#.#.....#.(....... ****,**
#@#8$>.('.8.>.8..8 * *,*
##D..†...#......... *
**,******* #P..#.8.##.........
***,,**,,,,**
##.###.###...8..#.#
,,,,,,,,,,,,**##.# ###
##........ ,,,,,,,,,,,,,,#..#
##.......
,,**,,*,#..l.l...#****
###...8.
****,***..........#*,**
**#..., ,*
*,,**.#........#,,,*****,,*,,,


You could see a four-headed hydra and a water moccasin (sleeping).

Vanquished Creatures
  Erolcha (D:11)
  2 hydras
  Nergalle (Lair:1)
  A wizard (D:10)
  An ugly thing (D:13)
  A manticore (D:11)
  A cyclops (D:12)
  Maurice (D:12)
  Psyche (D:12)
  A komodo dragon (Lair:1)
  4 trolls
  A hornet (D:9)
  3 hippogriffs
  2 dream sheep (D:10)
  19 yaks
  2 wyverns
  A vampire (D:10)
  2 humans (D:13)
  A basilisk (Lair:2)
  A porcupine (Lair:2)
  2 water moccasins (Lair:1)
  2 black bears
  3 orc warriors
  4 sky beasts
  A necrophage (D:12)
  2 ice beasts
  8 ogres
  2 wolves (Lair:2)
  6 centaurs
  4 phantoms
  A crocodile (D:12)
  10 bullfrogs
  4 big kobolds (D:10)
  A wyvern zombie (D:13)
  A wyvern skeleton (D:11)
  A water moccasin zombie (D:5)
  16 killer bees
  7 scorpions
  2 water moccasin skeletons
  9 wights
  3 howler monkeys
  A centaur zombie (D:12)
  2 crimson imps
  6 jellies
  2 bullfrog skeletons
  6 hounds
  9 orc wizards
  A gnoll shaman (D:9)
  3 orc priests
  4 quasits
  A centaur skeleton (D:12)
  Jessica (D:3)
  3 iguanas
  Natasha (thrice) (D:2)
  12 worker ants
  A killer bee zombie (D:5)
  A hound skeleton (D:2)
  A worker ant zombie (D:7)
  A howler monkey zombie (D:10)
  14 gnolls
  9 adders
  3 shadow imps
  An ooze (D:3)
  2 worms
  3 dart slugs
  4 leopard geckos
  34 orcs
  A ball python (D:8)
  8 bats
  4 giant cockroaches
  7 goblins
  9 hobgoblins
  3 quokkas
  A frilled lizard (D:4)
  A giant cockroach zombie (D:6)
  2 jackal skeletons
  10 kobolds
  2 quokka skeletons (D:7)
  A quokka zombie (D:7)
  5 rats
318 creatures vanquished.

Vanquished Creatures (others)
  A quokka (D:6)
1 creature vanquished.

Grand Total: 319 creatures vanquished

Notes
Turn   | Place    | Note
-------+----------+-------------------------------------------
     0 | D:1      | inc the Mummy Fire Elementalist began the quest for the Orb.
     0 | D:1      | Reached XP level 1. HP: 13/13 MP: 4/4
    13 | D:1      | Reached skill level 1 in Conjurations
   390 | D:1      | Reached XP level 2. HP: 19/19 MP: 2/5
   960 | D:2      | Reached XP level 3. HP: 21/24 MP: 2/7
  1169 | D:2      | Noticed Natasha
  1313 | D:3      | Noticed Jessica
  1319 | D:3      | Killed Jessica
  1319 | D:3      | Reached XP level 4. HP: 11/30 MP: 3/8
  1882 | D:3      | Found a glowing golden altar of the Shining One.
  2340 | D:2      | Found a basalt altar of Yredelemnul.
  2368 | D:2      | Killed Natasha
  2368 | D:2      | Reached XP level 5. HP: 33/35 MP: 1/10
  2455 | D:2      | Learned a level 3 spell: Conjure Flame
  2460 | D:2      | Learned a level 4 spell: Sticky Flame
  2645 | D:2      | Noticed Natasha
  2660 | D:2      | Killed Natasha
  3012 | D:2      | Noticed Natasha
  3027 | D:2      | Killed Natasha
  3622 | D:4      | Noticed a phantom
  3844 | D:4      | Reached XP level 6. HP: 41/41 MP: 8/12
  4011 | D:4      | Found an ancient bone altar of Kikubaaqudgha.
  4011 | D:4      | Found a stormy altar of Qazlal.
  4501 | D:4      | Reached skill level 5 in Spellcasting
  4538 | D:4      | Reached XP level 7. HP: 21/46 MP: 0/14
  5169 | D:5      | Entered Level 5 of the Dungeon
  6063 | D:5      | Reached skill level 5 in Conjurations
  6065 | D:5      | Reached XP level 8. HP: 45/52 MP: 8/17
  6619 | D:6      | Found a snail-covered altar of Cheibriados.
  6644 | D:6      | Reached skill level 5 in Fire Magic
  6778 | D:6      | Became a worshipper of Cheibriados the Contemplative
  7408 | D:6      | Found a white marble altar of Elyvilon.
  7466 | D:6      | Found Tuev's Gadget Shoppe.
  7838 | D:7      | Reached * piety under Cheibriados
  8021 | D:7      | Reached XP level 9. HP: 54/57 MP: 13/21
  8050 | D:7      | Found a staircase to the Ecumenical Temple.
  8056 | Temple   | Entered the Ecumenical Temple
  8125 | D:7      | Reached skill level 1 in Fighting
  8791 | D:8      | Reached ** piety under Cheibriados
  9676 | D:8      | Learned a level 5 spell: Fireball
  9681 | D:8      | Learned a level 4 spell: Iskenderun's Mystic Blast
  9829 | D:9      | Reached skill level 5 in Fighting
  9843 | D:9      | Found a sacrificial altar of Ru.
  9988 | D:9      | Found an iron altar of Okawaru.
  9990 | D:9      | Noticed a troll
  9998 | D:9      | Killed a troll
  9998 | D:9      | Reached skill level 5 in Dodging
 10051 | D:9      | Reached *** piety under Cheibriados
 10068 | D:9      | Reached XP level 10. HP: 71/76 MP: 9/22
 10468 | D:9      | Reached skill level 1 in Invocations
 10797 | D:10     | Entered Level 10 of the Dungeon
 11111 | D:10     | Learned a level 3 spell: Inner Flame
 11188 | D:10     | Reached **** piety under Cheibriados
 11453 | D:10     | Found a staircase to the Lair.
 11757 | D:10     | Noticed a three-headed hydra
 12175 | D:10     | Killed a three-headed hydra
 12347 | D:10     | Noticed a wizard
 12365 | D:10     | Killed a wizard
 13021 | D:10     | Reached XP level 11. HP: 86/86 MP: 9/23
 13687 | D:11     | Reached skill level 5 in Invocations
 13809 | D:11     | Reached skill level 1 in Shields
 13920 | D:11     | Noticed Erolcha
 13927 | D:11     | Killed Erolcha
 14346 | D:11     | Noticed a red ugly thing
 14662 | D:11     | Found a portal to a secret trove of treasure.
 14846 | D:12     | Reached ***** piety under Cheibriados
 14871 | D:12     | Noticed Maurice
 15394 | D:12     | Killed Maurice
 15975 | D:12     | Found Lisaijod's Jewellery Emporium.
 16284 | D:12     | Found a staircase to the Orcish Mines.
 16499 | D:12     | Noticed Psyche
 16506 | D:12     | Killed Psyche
 17044 | D:13     | Noticed a two-headed ogre
 17376 | D:13     | Found a shimmering altar of Xom.
 17392 | D:13     | Noticed a white ugly thing
 17402 | D:13     | Noticed a wizard
 17402 | D:13     | Killed a white ugly thing
 17418 | D:13     | Noticed a six-headed hydra
 17657 | Orc:1    | Entered Level 1 of the Orcish Mines
 17660 | Orc:1    | Noticed an orc sorcerer
 17877 | D:12     | Reached ****** piety under Cheibriados
 17976 | Lair:1   | Entered Level 1 of the Lair of Beasts
 18063 | Lair:1   | Reached XP level 12. HP: 70/92 MP: 6/24
 18426 | Lair:1   | Noticed Nergalle
 18953 | Lair:1   | Killed Nergalle
 19249 | Lair:2   | Noticed a six-headed hydra
 19256 | Lair:2   | Killed a six-headed hydra
 19288 | Lair:2   | Noticed a four-headed hydra
 19288 | Lair:2   | Noticed a five-headed hydra
 19298 | Lair:2   | HP: 2/92 [four-headed hydra (13)]
 19299 | Lair:2   | Slain by a four-headed hydra

Vault maps used:
D:1:      dpeg_arrival_connections, st_stairs_7
D:2:      overflow_temple_1_default, uniq_natasha
D:3:      tso_metal_star, minmay_box_of_dots, uniq_jessica
D:4:      gammafunk_temple_overflow_elements, supply_closet_lemuel,
          chequers_big_river
D:5:      first_ration
D:6:      kennysheep_little_box, serial_shops, shop, elyvilon_altar_4
D:7:      minmay_temple_entry_nine_rooms
D:9:      nicolae_overflow_hidden_temple, grunt_decor_mini_mirrors,
          nicolae_ru_sacrificial_ziggurat
D:10:     lair_entry_dummy, hangedman_ranch, lightli_wizard_tower
D:11:     nicolae_trove_entry_crossroad, uniq_erolcha
D:12:     orc_0_dummy, serial_shops, kennysheep_mini, hangedman_glass_teeth,
          uniq_psyche, uniq_maurice
D:13:     grunt_vaults_entry_tiered, xom_teletrap_fun
Temple:   eino_temple_rhombus
Lair:1:   statuecave_lemuel, serial_bayou_pond_c, lemuel_fruit_tree,
          uniq_nergalle
Lair:2:   portal_ice_cave_demonic_guard, grunt_megastairs_3
Orc:1:    serial_shops, shop, kennysheep_orc_chapel

Skill      XL: |  1  2  3  4  5  6  7  8  9 10 11 12 |
---------------+-------------------------------------+-----
Conjurations   | 1 2 3 4 5 6 7 |  7.0
Spellcasting   | 3 4 5 6 8 |  8.1
Fire Magic     | 3 4 5 6 |  6.7
Fighting       | 5 7 8 |  8.0
Dodging        | 5 6 7 |  7.1
Invocations    | 4 8 |  8.9
Shields        | 4 |  4.0
Stealth        | |  1.5

Action                   |  1- 3 |  4- 6 |  7- 9 | 10-12 || total
-------------------------+-------+-------+-------+-------++-------
Melee: Short sword       |     1 |       |       |    15 ||    16
       Dagger            |     9 |    10 |   193 |    70 ||   282
       Battleaxe         |       |       |       |     3 ||     3
       Staff             |       |       |       |     1 ||     1
 Cast: Flame Tongue      |    50 |   132 |   295 |   426 ||   903
       Sticky Flame      |       |       |    19 |    67 ||    86
       Conjure Flame     |       |       |     1 |    19 ||    20
       Inner Flame       |       |       |       |     3 ||     3
       Iskenderun's Myst |       |       |       |     3 ||     3
       Fireball          |       |       |       |    12 ||    12
Invok: Slouch            |       |       |       |     3 ||     3
  Use: Scroll            |     1 |     7 |     5 |    17 ||    30
 Stab: Sleeping          |       |       |       |     1 ||     1
Armor: Robe              |     8 |    13 |   127 |    97 ||   245
Dodge: Dodged            |    20 |    46 |   201 |   376 ||   643
Block: Buckler           |       |       |       |   109 ||   109

Table legend:
 A = Spawn XP
 B = Non-spawn XP
 C = Spawn XP percentage of total XP
 D = Spawn monster count
 E = Non-spawn monster count
 F = Spawn count percentage of total count
 G = Total turns spent on level
                    A         B        C        D         E        F      G
               +---------+---------+-------+---------+---------+-------+---------
         Total |       0 |   26171 |   0.0 |       0 |     318 |   0.0 | 19299
               +---------+---------+-------+---------+---------+-------+---------
           D:1 |       0 |      24 |   0.0 |       0 |      14 |   0.0 |   946
           D:2 |       0 |     192 |   0.0 |       0 |      25 |   0.0 |  1571
           D:3 |       0 |      85 |   0.0 |       0 |      15 |   0.0 |  1584
           D:4 |       0 |     509 |   0.0 |       0 |      25 |   0.0 |  1277
           D:5 |       0 |     772 |   0.0 |       0 |      16 |   0.0 |  1438
           D:6 |       0 |     683 |   0.0 |       0 |      12 |   0.0 |   987
           D:7 |       0 |    1163 |   0.0 |       0 |      27 |   0.0 |  1178
           D:8 |       0 |    1216 |   0.0 |       0 |      17 |   0.0 |  1060
           D:9 |       0 |    1589 |   0.0 |       0 |      29 |   0.0 |  1149
          D:10 |       0 |    5262 |   0.0 |       0 |      42 |   0.0 |  2362
          D:11 |       0 |    2604 |   0.0 |       0 |      13 |   0.0 |  1333
          D:12 |       0 |    5127 |   0.0 |       0 |      43 |   0.0 |  2616
          D:13 |       0 |    2254 |   0.0 |       0 |      16 |   0.0 |   465
        Lair:1 |       0 |    2805 |   0.0 |       0 |      12 |   0.0 |  1273
        Lair:2 |       0 |    1795 |   0.0 |       0 |       6 |   0.0 |    50
         Orc:1 |       0 |      91 |   0.0 |       0 |       6 |   0.0 |     8
               +---------+---------+-------+---------+---------+-------+---------
